 Dungeon Crawl Stone Soup version 0.31.0-7-gf635a9b802 (webtiles) character file.

Game seed: 291661760818170236

5825 Skeral the Grappler (level 10, 0/89 HPs)
             Began as a Naga Shapeshifter on Jan 23, 2024.
             Was an Elder of Hepliaklqana.
             Slain by a seven-headed hydra (4 damage)
             ... on level 8 of the Dungeon.
             The game lasted 00:24:44 (10193 turns).

Skeral the Grappler (Naga Shapeshifter)            Turns: 10193, Time: 00:24:44

Health: 0/89       AC: 12    Str: 23    XL:     10   Next: 80%
Magic:  0/14       EV: 12    Int: 10    God:    Hepliaklqana [****..]
Gold:   1576       SH:  0    Dex: 14    Spells: 9/9 levels left

rFire   . .          .
                       - Unarmed
rCold   . . .        g - melded +0 buckler
rNeg    . . .        B - melded +0 leather armour of Slimy Mirth {Dex+5}
rPois   +            (no helmet)
rElec   .            j - +0 cloak
rCorr   .            (no gloves)
SInv    +            u - +4 barding of Makhleb's Pride {Str+3 Dex+2 Stlth+}
Will    +....        G - amulet of guardian spirit
Stlth   +            (no ring)
HPRegen 0.34/turn    (no ring)
MPRegen 0.14/turn

%: guardian spirit
@: about to teleport, flux-form, glowing, very slow
A: glow, contaminating, reduced essence, AC +3, large, see invisible, deformed
body, poison resistance, slowness 2, spit poison 1, naga tail 1
a: Spit Poison, Begin Untransformation, Renounce Religion, Recall Ancestor,
Ancestor Identity, Transference, Idealise


You were on level 8 of the Dungeon.
You worshipped Hepliaklqana.
Hepliaklqana was greatly pleased with you.
You were something dangerously unstable.
You visited 1 branch of the dungeon, and saw 9 of its levels.
You also visited: Sewer.

You collected 1576 gold pieces.


Innate Abilities, Weirdness & Mutations

You are something dangerously unstable.
You glow with magical radiation, making you easy to see and hit.
Foes you strike become dangerously contaminated with magical radiation.
You are incapable of wielding weapons or throwing items.
Your life essence is reduced to manifest your ancestor. (-10% HP)
Your serpentine skin is tough. (AC +3)
You have supernaturally acute eyesight. (SInv)
Armour fits poorly on your strangely shaped body.
Your system is resistant to poisons. (rPois)
You cover ground very slowly.
You can spit poison.
You have a snake-like lower body.


   Skills:
 + Level 9.3 Fighting
 - Level 1.5 Dodging
 + Level 9.7 Unarmed Combat
 + Level 6.1 Invocations
 + Level 7.1 Shapeshifting


You had 9 spell levels left.
You didn't know any spells.
Your spell library contained the following spells:

 Spells                   Type           Power      Damage    Failure   Level
 Kiss of Death            Conj/Necr      0%         2d5       36%         1
 Lesser Beckoning         Tloc           0%         N/A       50%         2
 Confusing Touch          Hex            0%         N/A       75%         3
 Gell's Gravitas          Tloc           0%         N/A       75%         3
 Teleport Other           Tloc           0%         N/A       75%         3
 Dispel Undead            Necr           0%         3d6       98%         4

Inventory:

Missiles
 l - 44 poisoned darts (quivered)
 p - 2 curare-tipped darts {=f}
 z - 10 boomerangs
Armour
 g - a +0 buckler (melded)
   (You found it on level 6 of the Dungeon)
 j - a +0 cloak (worn)
   (You found it on level 2 of the Dungeon)
 u - the +4 barding of Makhleb's Pride (worn) {Str+3 Dex+2 Stlth+}
   (You acquired it on level 8 of the Dungeon)

   Str+3:     It affects your strength (+3).
   Dex+2:     It affects your dexterity (+2).
   Stlth+:    It makes you more stealthy.
 B - the +0 leather armour of Slimy Mirth (melded) {Dex+5}
   (You found it on level 6 of the Dungeon)

   Dex+5:     It affects your dexterity (+5).
Jewellery
 G - an amulet of guardian spirit (around neck)
   (You found it on level 7 of the Dungeon)
Talismans
 c - a beast talisman
 d - a flux talisman (active)
Wands
 a - a wand of flame (16)
   (You found it on level 7 of the Dungeon)
 E - a wand of iceblast (8)
   (You found it on level 8 of the Dungeon)
 F - a wand of charming (9)
   (You found it on level 8 of the Dungeon)
Scrolls
 h - a scroll of amnesia {unknown}
 i - a scroll of teleportation {@r4}
 m - 2 scrolls of revelation
 n - 3 scrolls of fog
 o - a scroll of enchant weapon {unknown}
 q - a scroll of butterflies
 t - a scroll of poison
 x - a scroll of enchant armour
 y - a scroll of vulnerability {!r!r}
 D - a scroll of torment {!r}
Potions
 b - a potion of lignification {!q}
 e - 2 potions of resistance {unknown}
 f - a potion of enlightenment
 k - 2 potions of brilliance {unknown}
 r - 3 potions of curing {@q1}
 s - a potion of invisibility {unknown}
 v - 3 potions of ambrosia {unknown}
 w - 2 potions of heal wounds {@q2}
 C - a potion of might {unknown}
 H - a potion of berserk rage {unknown}
 I - 2 potions of cancellation {unknown}

Dungeon Overview and Level Annotations

Branches:
Dungeon (9/15) Zot: 26121  Temple (0/1) D:7           Sewer (visited)
   Lair: D:8-11         Orc: D:9-12

Altars:
Dithmenos
Gozag
Hepliaklqana
Nemelex Xobeh
Okawaru
Sif Muna
Yredelemnul
Zin

Annotations:
D:4 3 runed translucent doors, zenocrate's ghost, amateur VSEn

#.............####
#.######..........
#.# #.####.####
#.# #.# #.#### #.#
#.# #..... #.# #.#
#####. #.# #.# #.
#D# #.# #. ###p#
#.# ##. #...#
#.#######.# #.###
#........## #.#
##.....)## #.#
#.#####.## #.# #.#
##.# #.# #.# ##.
##.## #.# ## #...#
#.########


You could see a seven-headed hydra.


Message History

The seven-headed hydra bites you but does no damage.
The seven-headed hydra bites you.
* * * LOW HITPOINT WARNING * * *
😱 HP[-13] MP[-3]
You take 13 damage, and now have 15/89 hp.
You lost 3 mp, and now have 3/14 mp.
As you read the scroll labelled EMUMUCW CUVYID, it crumbles to dust.
You hear the flapping of tiny wings.
The seven-headed hydra is knocked back by the sudden gust.
It was a scroll of butterflies.
You swap places.
The seven-headed hydra barely misses your butterfly.
The seven-headed hydra closely misses your butterfly.
The seven-headed hydra bites your butterfly!
Your butterfly dies!
Your butterfly disappears in a burst of colours!
The seven-headed hydra barely misses your butterfly.
The seven-headed hydra completely misses your butterfly.
The seven-headed hydra bites your butterfly.
Your butterfly dies!
Your butterfly disappears in a burst of colours!
The seven-headed hydra bites your butterfly!
Your butterfly dies!
Your butterfly disappears in a burst of colours! 😱 MP[+1]
Something bites your butterfly.
Your butterfly dies!
Your butterfly disappears in a burst of colours!
Something barely misses your butterfly. Something misses your butterfly.
Something bites your butterfly!
Your butterfly dies!
Your butterfly disappears in a burst of colours!
Something bites your butterfly!
Your butterfly dies!
Your butterfly disappears in a burst of colours! 😱 HP[+1] 😱 HP[+1] Amnanu emerges from the mists of memory! 😱 HP[+1] MP[+1] Amnanu hits the seven-headed hydra with a +0 quarterstaff!
The seven-headed hydra bites Amnanu!
The seven-headed hydra barely misses Amnanu.
The seven-headed hydra bites Amnanu.
The seven-headed hydra bites Amnanu!
The seven-headed hydra barely misses Amnanu. x2
The seven-headed hydra closely misses Amnanu. 😱 HP[+1] Amnanu barely misses the seven-headed hydra.
The seven-headed hydra bites Amnanu!
Amnanu is destroyed!
The seven-headed hydra roars! 😱 HP[+1]
You swap places. 😱 MP[+1] 😱 HP[+1] 😱 HP[+1]
You swap places. 😨 HP[+1] MP[+1] 😨 HP[+1]
There is an escape hatch in the ceiling here.
The seven-headed hydra closely misses you.
The seven-headed hydra barely misses you.
The seven-headed hydra bites you but does no damage.
The seven-headed hydra bites you.
* * * LOW HITPOINT WARNING * * *
The seven-headed hydra bites you but does no damage.
The seven-headed hydra bites you!
* * * LOW HITPOINT WARNING * * *
The seven-headed hydra misses you. A mysterious force pulls you upwards.
The hatch slams shut behind you. 😱 HP[-9] MP[-2]
You take 9 damage, and now have 15/89 hp.
You lost 2 mp, and now have 5/14 mp.
The seven-headed hydra bites you but does no damage.
The seven-headed hydra barely misses you.
The seven-headed hydra bites you.
* * * LOW HITPOINT WARNING * * *
The seven-headed hydra closely misses you.
The seven-headed hydra bites you.
* * * LOW HITPOINT WARNING * * *
The seven-headed hydra barely misses you.
The seven-headed hydra bites you but does no damage.
Press: ? - help, v - describe, . - travel The floor, spattered with blood. 😱 HP[-5] MP[-1]
You take 5 damage, and now have 10/89 hp.
You lost 1 mp, and now have 4/14 mp.
Press: ? - help, v - describe, . - travel
Here: a seven-headed hydra (moderately wounded)
The floor.
As you read the scroll labelled BUITECABLEU, it crumbles to dust.
You feel strangely unstable.
It was a scroll of teleportation.
The seven-headed hydra bites you!
* * * LOW HITPOINT WARNING * * *
The seven-headed hydra completely misses you.
The seven-headed hydra closely misses you.
The seven-headed hydra completely misses you.
The seven-headed hydra bites you but does no damage.
The seven-headed hydra barely misses you.
The seven-headed hydra bites you.
You die...

Skill      XL: |  1  2  3  4  5  6  7  8  9 10 |
---------------+-------------------------------+-----
Fighting       | 2 3 4 5 7 8 9 |  9.3
Unarmed Combat | 4 5 6 7 8 9 |  9.7
Shapeshifting  | 5 6 7 |  7.1
Invocations    | 4 6 |  6.1
Dodging        | |  1.5

Action                     |  1- 3 |  4- 6 |  7- 9 | 10-12 || total
---------------------------+-------+-------+-------+-------++-------
  Melee: Unarmed           |   112 |    66 |   178 |    86 ||   442
         Punch             |     4 |     2 |       |       ||     6
  Throw: Dart              |       |    12 |    13 |       ||    25
 Invoke: Ancestor Life: Ba |       |       |     1 |       ||     1
Ability: Spit Poison       |     3 |     7 |    19 |     2 ||    31
    Use: Potion            |       |     1 |     2 |       ||     3
         Scroll            |       |     6 |     7 |     5 ||    18
   Stab: Sleeping          |     1 |       |     1 |       ||     2
         Distracted        |       |       |       |     3 ||     3
 Armour: Animal skin       |    73 |    53 |    78 |       ||   204
         Skin              |       |     1 |     4 |   118 ||   123
         Leather armour    |       |       |    68 |       ||    68
  Dodge: Dodged            |    57 |    44 |    91 |    81 ||   273
  Block: Buckler           |       |       |    25 |       ||    25
         Form:             |       |       |     1 |       ||     1
         Beast             |       |       |     1 |       ||     1
         Flux              |       |       |     1 |       ||     1

Levels and vault maps discovered:
D:1:      grunt_arrival_crossed_arrows, layout_basic, minivault_27,
          nicolae_hexahallways
D:2:      layout_rooms
D:3:      layout_basic, mainiacjoe_overflow_alcove_2, serial_bayou_pond_b,
          grunt_decor_one_mirror
D:4:      layout_loops_ring, ebering_ghost_rock_garden
D:5:      nicolae_cairo_tiling, layout_basic, grunt_temple_overflow_opulence,
          mainiacjoe_overflow_cross_hatched
D:6:      layout_rooms, general_overflow_altar,
          gammafunk_temple_overflow_elements, serial_bayou, serial_bayou_lake_a,
          serial_bayou_pond_d, serial_bayou_shore_b, serial_bayou_lagoon_b,
          portal_sewer_entry_e, hex_medium, kennysheep_generic_room_13
D:7:      layout_basic, nicolae_dithmenos_the_darkroom,
          minmay_temple_entry_wispy
D:8:      layout_loops_ring
D:9:      layout_layer_cave, uniq_prince_ribbit1, uniq_erica

Notes
Turn   | Place    | Note
-------+----------+-------------------------------------------
     0 | D:1      | Skeral the Naga Shapeshifter began the quest for the Orb.
     0 | D:1      | Reached XP level 1. HP: 18/18 MP: 1/1
     0 | D:1      | magus.rc [v1.10.3]
   395 | D:1      | Reached XP level 2. HP: 19/25 MP: 2/2
   744 | D:1      | Reached skill level 2 in Fighting
   767 | D:1      | Reached XP level 3. HP: 27/32 MP: 3/3
  1568 | D:2      | Reached skill level 4 in Unarmed Combat
  1568 | D:2      | Reached XP level 4. HP: 40/40 MP: 4/4
  1802 | D:2      | Reached skill level 3 in Fighting
  2608 | D:3      | Found a hazy altar of Hepliaklqana.
  2722 | D:3      | Became a worshipper of Hepliaklqana the Forgotten
  2896 | D:4      | Noticed an ogre
  2902 | D:4      | Found a runed translucent gate.
  2903 | D:4      | Found a runed translucent gate.
  2904 | D:4      | Found a runed translucent gate.
  2905 | D:4      | Noticed zenocrate's ghost (amateur VSEn)
  3020 | D:4      | Reached XP level 5. HP: 19/49 MP: 5/5
  3176 | D:4      | Noticed an ogre
  3180 | D:4      | HP: 3/49 [ogre/+0 giant club (22)]
  3183 | D:4      | Killed an ogre
  3184 | D:4      | Reached skill level 4 in Fighting
  3184 | D:4      | Reached skill level 5 in Unarmed Combat
  3382 | D:4      | Reached XP level 6. HP: 54/57 MP: 6/6
  3752 | D:5      | Entered Level 5 of the Dungeon
  3801 | D:5      | You fall into a shaft and drop 2 floors!
  3820 | D:7      | Reached * piety under Hepliaklqana
  3878 | D:7      | Found a shadowy altar of Dithmenos.
  3939 | D:6      | Reached XP level 7. HP: 59/59 MP: 7/7
  3983 | D:6      | Reached skill level 5 in Fighting
  3983 | D:6      | Reached skill level 6 in Unarmed Combat
  4115 | D:6      | Found a glowing drain.
  4122 | Sewer    | Entered a sewer
  4657 | Sewer    | Reached XP level 8. HP: 68/68 MP: 8/8
  4658 | Sewer    | Reached skill level 6 in Fighting
  4702 | Sewer    | Reached skill level 4 in Shapeshifting
  4967 | D:6      | You pick up a book of Touch and begin reading...
  4967 | D:6      | You add the spells Kiss of Death, Confusing Touch and
                  | Dispel Undead to your library.
  4984 | D:6      | You pick up a book of Displacement and begin reading...
  4984 | D:6      | You add the spells Lesser Beckoning, Gell's Gravitas and
                  | Teleport Other to your library.
  5023 | D:6      | Found a glowing silver altar of Zin.
  5036 | D:6      | Reached skill level 7 in Unarmed Combat
  5195 | D:5      | magus.rc [v1.10.3]
  5273 | D:5      | Reached ** piety under Hepliaklqana
  5280 | D:5      | Remembered your ancestor Amnanu as a battlemage
  5456 | D:5      | Found an iron altar of Okawaru.
  6005 | D:5      | Found an opulent altar of Gozag.
  6006 | D:5      | Found a sparkling altar of Nemelex Xobeh.
  6294 | D:6      | Found a basalt altar of Yredelemnul.
  6294 | D:6      | Found a shimmering blue altar of Sif Muna.
  6604 | D:6      | Reached skill level 7 in Fighting
  6604 | D:6      | Reached skill level 5 in Shapeshifting
  6630 | D:6      | HP: 15/72 [electric eel/bolt of electricity (7)]
  6638 | D:6      | Reached XP level 9. HP: 25/77 MP: 9/9
  6911 | D:6      | Identified the +0 leather armour of Slimy Mirth {Dex+5}
  7148 | D:7      | Reached skill level 1 in Invocations
  7219 | D:7      | Reached skill level 8 in Unarmed Combat
  7378 | D:7      | Found a staircase to the Ecumenical Temple.
  7404 | D:7      | Reached skill level 2 in Invocations
  7517 | D:7      | magus.rc [v1.10.3]
  7772 | D:7      | Reached skill level 3 in Invocations
  8026 | D:7      | Reached *** piety under Hepliaklqana
  8389 | D:8      | Reached skill level 8 in Fighting
  8534 | D:8      | Reached skill level 6 in Shapeshifting
  8802 | D:8      | Reached skill level 4 in Invocations
  8803 | D:8      | Identified 2 scrolls of acquirement
  8837 | D:8      | Acquired 1078 gold pieces
  8932 | D:8      | Acquired the +4 barding of Makhleb's Pride {Str+3 Dex+2
                  | Stlth+}
  9124 | D:8      | Reached XP level 10. HP: 68/87 MP: 11/13
  9133 | D:8      | Reached skill level 9 in Unarmed Combat
  9140 | D:8      | HP: 21/84 [yak (10)]
  9348 | D:8      | Reached skill level 5 in Invocations
  9513 | D:9      | Noticed a seven-headed hydra
  9709 | D:9      | Noticed Erica
  9724 | D:9      | Killed Erica
  9725 | D:9      | Reached skill level 9 in Fighting
  9725 | D:9      | Reached skill level 7 in Shapeshifting
  9895 | D:9      | Reached **** piety under Hepliaklqana
  9959 | D:9      | Noticed Prince Ribbit
  9968 | D:9      | Killed Prince Ribbit
  9969 | D:9      | Reached skill level 6 in Invocations
 10168 | D:9      | HP: 17/89 [/a scroll of torment (11)]
 10190 | D:9      | HP: 22/89 [seven-headed hydra (3)]
 10192 | D:8      | HP: 10/89 [seven-headed hydra (3)]
 10193 | D:8      | HP: 4/89 [seven-headed hydra (7)]
 10193 | D:8      | Slain by a seven-headed hydra

Vanquished Creatures
  Erica (D:9)
  2 yaks (D:8)
  A steam dragon (D:7)
  An orc warrior (D:9)
  A black bear (D:8)
  2 ogres (D:4)
  A centaur (D:5)
  3 kobold brigands (Sewer)
  A bullfrog (D:8)
  A scorpion (D:5)
  2 wights (D:8)
  4 killer bees
  2 electric eels (D:6)
  3 howler monkeys
  An orc priest (D:7)
  3 hounds
  A sleepcap (D:2)
  An iguana (D:5)
  5 orc wizards
  3 adders
  2 river rats
  2 white imps (D:8)
  2 ufetubi
  A ribbon worm (Sewer)
  3 dart slugs
  15 orcs
  7 bats
  3 endoplasms (D:1)
  4 giant cockroaches
  9 goblins
  5 hobgoblins
  3 jackals (D:2)
  2 quokkas
  13 ball pythons
  A frilled lizard (D:3)
  10 kobolds
  16 rats
137 creatures vanquished.

Vanquished Creatures (collateral kills)
  Prince Ribbit (D:9)
  4 yaks (D:8)
  An acid dragon (D:8)
  An orc warrior (D:9)
  An ice beast (D:7)
  A sky beast (D:7)
  2 centaurs (D:9)
  An ogre (D:6)
  2 phantoms (D:7)
  5 kobold brigands
  3 bullfrogs
  3 wights (D:8)
  6 killer bees
  2 howler monkeys (D:9)
  3 electric eels (D:6)
  2 jellies
  2 hounds
  3 orc priests
  4 iguanas
  2 orc wizards
  An adder (D:6)
  A river rat (Sewer)
  2 ufetubi
  A ribbon worm (Sewer)
  8 orcs
  3 endoplasms (Sewer)
  6 kobolds
  A rat (D:6)
72 creatures vanquished.

Vanquished Creatures (others)
  2 battlemagi (D:9)
  An ancestor (D:5)
3 creatures vanquished.

Grand Total: 212 creatures vanquished

Table legend:
 A = Non-vault XP
 B = Vault XP
 C = Vault XP percentage of total XP
 D = Non-vault monster count
 E = Vault monster count
 F = Vault count percentage of total count
                 A         B        C        D         E       F
            +---------+---------+-------+---------+---------+-------
      Total |    6398 |    1924 |  23.1 |     168 |      41 |  19.6
            +---------+---------+-------+---------+---------+-------
        D:1 |      54 |       0 |   0.0 |      32 |       0 |   0.0
        D:2 |      69 |       0 |   0.0 |      19 |       0 |   0.0
        D:3 |       9 |       4 |  30.8 |       5 |       2 |  28.6
        D:4 |     315 |       0 |   0.0 |      10 |       0 |   0.0
        D:5 |     418 |       0 |   0.0 |      15 |       0 |   0.0
        D:6 |     648 |      48 |   6.9 |      15 |       9 |  37.5
        D:7 |    1253 |       0 |   0.0 |      30 |       0 |   0.0
        D:8 |    2551 |       0 |   0.0 |      24 |       0 |   0.0
        D:9 |    1081 |    1121 |  50.9 |      18 |       2 |  10.0
      Sewer |       0 |     751 | 100.0 |       0 |      28 | 100.0
            +---------+---------+-------+---------+---------+-------

Skill      XL: |  1  2  3  4  5  6  7  8  9 10 |
---------------+-------------------------------+-----
Fighting       | 2 3 4 5 7 8 9 |  9.3
Unarmed Combat | 4 5 6 7 8 9 |  9.7
Shapeshifting  | 5 6 7 |  7.1
Invocations    | 4 6 |  6.1
Dodging        | |  1.5

Action                     |  1- 3 |  4- 6 |  7- 9 | 10-12 || total
---------------------------+-------+-------+-------+-------++-------
  Melee: Unarmed           |   112 |    66 |   178 |    86 ||   442
         Punch             |     4 |     2 |       |       ||     6
  Throw: Dart              |       |    12 |    13 |       ||    25
 Invoke: Ancestor Life: Ba |       |       |     1 |       ||     1
Ability: Spit Poison       |     3 |     7 |    19 |     2 ||    31
    Use: Potion            |       |     1 |     2 |       ||     3
         Scroll            |       |     6 |     7 |     5 ||    18
   Stab: Sleeping          |     1 |       |     1 |       ||     2
         Distracted        |       |       |       |     3 ||     3
 Armour: Animal skin       |    73 |    53 |    78 |       ||   204
         Skin              |       |     1 |     4 |   118 ||   123
         Leather armour    |       |       |    68 |       ||    68
  Dodge: Dodged            |    57 |    44 |    91 |    81 ||   273
  Block: Buckler           |       |       |    25 |       ||    25
         Form:             |       |       |     1 |       ||     1
         Beast             |       |       |     1 |       ||     1
         Flux              |       |       |     1 |       ||     1

Illustrated notes

Table legend:
 A = Kills in this place as a percentage of kills in the entire game.
 B = Kills by you in this place as a percentage of kills by you in the entire game.
 C = Kills by friends in this place as a percentage of kills by friends in the entire game.
 D = Other kills in this place as a percentage of other kills in the entire game.
 E = Experience gained in this place as a percentage of experience gained in the entire game.
 F = Experience gained in this place divided by the number of levels of this place that you have seen.
                   A       B       C       D       E      F
               +-------+-------+-------+-------+-------+----------------------
         Total | 100.0 | 100.0 | 100.0 |   N/A | 100.0 | 832.2
       Dungeon |  86.6 |  89.1 |  81.9 |   N/A |  91.0 | 841.2
         Sewer |  13.4 |  10.9 |  18.1 |   N/A |   9.0 | 751.0
               +-------+-------+-------+-------+-------+----------------------

Table legend: (Time is in decaauts)
 A = Elapsed time spent in this place.
 B = Non-inter-level travel time spent in this place.
 C = Inter-level travel time spent in this place.
 D = Time resting spent in this place.
 E = Time spent auto-exploring this place.
 F = Levels seen in this place.
 G = Mean time per level.
                   A        B        C        D        E       F      G
               +--------+--------+--------+--------+--------+-----+--------+
         Total |  12997 |  12176 |    821 |   1265 |   7279 |  10 | 1299.7 |
       Dungeon |  11986 |  11165 |    821 |   1240 |   6659 |   9 | 1331.8 |
         Sewer |   1011 |   1011 |      0 |     25 |    620 |   1 | 1011.0 |
               +--------+--------+--------+--------+--------+-----+--------+

Top non-repeatable levels by time:
     D:1: 1867 daAuts
     D:6: 1561 daAuts
     D:5: 1552 daAuts
     D:8: 1549 daAuts
     D:7: 1548 daAuts
     D:4: 1241 daAuts
     D:3: 1218 daAuts
   Sewer: 1011 daAuts
     D:9: 815 daAuts
     D:2: 633 daAuts
